cohdb
Replays
Latest Replays
All Replays
Popular Replays
Top Player Replays
Match Explorer
How It Works
Community
CoH3 Stats
Reddit
Sign in to upload your games and track your stats! →
Sign in with Steam
Match 27565611
Unlisted
Match 27565611
Overview
Messages
Build Orders
End
Kettenkrad Recon Vehicle
Construct Infanterie Kompanie
Selects Breakthrough Battlegroup
MG 42 Machine Gun Team
Grenadier Squad
Selects Assault Grenadiers
GrW 34 Mortar Team
Construct Luftwaffe Kompanie
MG 42 Machine Gun Team
Selects Rapid Production
MATI-PUZON
MMMMMMMMMMMM
Zulu
gobiobotia naktongensis
0
0
Comments
sign in to comment!
No comments posted yet!